ITL
TOPEKA TORNADOS @ BIRMINGHAM BARONS
07/03/2025
 
TOP OF THE 1ST
Topeka Tornados batting - Pitching for Birmingham Barons : RHP Stanley Briggs
Pitching: RHP Stanley Briggs
Batting: RHB Norberto Taváres 0-0: Ground out 6-3 (Groundball, 6M)
Batting: LHB Ryan Drake 0-0: Ball
1-0: Foul Ball, location: 2F
1-1: Swinging Strike
1-2: Ball
2-2: SOLO HOME RUN (Flyball, 8RXD), Distance : 424 ft
Batting: RHB Cho-yun Qiao 0-0: DOUBLE (Flyball, 9LS)
Batting: RHB Hamilton Holbrook 0-0: Ball
1-0: Fly out, F4 (Popup, 4D)
Batting: LHB Yoshiaki Ohayashi 0-0: Ball
1-0: Foul Ball, location: 2F
1-1: Foul Ball, location: 2F
1-2: Ball
2-2: Foul Ball, location: 2F
2-2: Ball
3-2: Base on Balls
Batting: LHB Morgan Wright 0-0: Called Strike
0-1: Foul Ball, location: 2F
0-2: Foul Ball, location: 2F
0-2: Ball
1-2: Ball
2-2: Ball
3-2: Foul Ball, location: 2F
3-2: Fly out, F6 (Popup, 6MD)
Top of the 1st over - 1 run(s), 2 hit(s), 0 error(s), 2 left on base; Topeka 1 - Birmingham 0
BOTTOM OF THE 1ST
Birmingham Barons batting - Pitching for Topeka Tornados : RHP Flint Gray
Pitching: RHP Flint Gray
Batting: SHB Anastasio Ortíz 0-0: Ball
1-0: Fly out, F7 (Flyball, 78D)
Batting: RHB Vicente Carona 0-0: Ball
1-0: Ball
2-0: Fly out, F6 (Popup, 6)
Batting: RHB Jean-Paul St-Pierre 0-0: Foul Ball, location: 2F
0-1: Ball
1-1: Foul Ball, location: 2F
1-2: Strikes out looking
Bottom of the 1st over - 0 run(s), 0 hit(s), 0 error(s), 0 left on base; Topeka 1 - Birmingham 0
TOP OF THE 2ND
Topeka Tornados batting - Pitching for Birmingham Barons : RHP Stanley Briggs
Batting: LHB Yasuhiko Onodera 0-0: Ball
1-0: Ball
2-0: Called Strike
2-1: Foul Ball, location: 2F
2-2: Foul Ball, location: 2F
2-2: Ball
3-2: Base on Balls
Batting: LHB Robbie Burns 0-0: Called Strike
0-1: Foul Ball, location: 2F
0-2: Ball
1-2: Strikes out looking
Batting: LHB Eric Peterson 0-0: Ball
1-0: Ball
2-0: Ball
3-0: Called Strike
3-1: Foul Ball, location: 2F
3-2: Foul Ball, location: 2F
3-2: SINGLE (Line Drive, 6D)
Yasuhiko Onodera to second
Batting: RHB Norberto Taváres 0-0: Called Strike
0-1: Ball
1-1: Foul Ball, location: 2F
1-2: Foul Ball, location: 2F
1-2: Foul Ball, location: 2F
1-2: Foul Ball, location: 2F
1-2: Ball
2-2: Fly out, F6 (Popup, 6M)
Batting: LHB Ryan Drake 0-0: Ball
1-0: Ball
2-0: Swinging Strike
2-1: Foul Ball, location: 2F
2-2: Foul Ball, location: 2F
2-2: Foul Ball, location: 2F
2-2: Ball
3-2: Strikes out swinging
Top of the 2nd over - 0 run(s), 1 hit(s), 0 error(s), 2 left on base; Topeka 1 - Birmingham 0
BOTTOM OF THE 2ND
Birmingham Barons batting - Pitching for Topeka Tornados : RHP Flint Gray
Batting: RHB Eric Johnson 0-0: Ball
1-0: Called Strike
1-1: Called Strike
1-2: Strikes out swinging
Batting: RHB Manny Sánchez 0-0: Ball
1-0: Ball
2-0: Ball
3-0: Called Strike
3-1: Base on Balls
Batting: RHB Júlio Pacheco 0-0: Swinging Strike
0-1: Grounds into double play, 1-6-3 (Groundball, 23)
Bottom of the 2nd over - 0 run(s), 0 hit(s), 0 error(s), 0 left on base; Topeka 1 - Birmingham 0
TOP OF THE 3RD
Topeka Tornados batting - Pitching for Birmingham Barons : RHP Stanley Briggs
Batting: RHB Cho-yun Qiao 0-0: Ball
1-0: Foul Ball, location: 2F
1-1: SINGLE (Groundball, 6MD)
Batting: RHB Hamilton Holbrook 0-0: Foul Ball, location: 2F
0-1: Foul Ball, location: 2F
0-2: Ball
1-2: Strikes out swinging
Batting: LHB Yoshiaki Ohayashi 0-0: Called Strike
0-1: Ball
1-1: Fielders Choice at 2nd, 6-4 (Groundball, 6M)
Batting: LHB Morgan Wright 0-0: Called Strike
0-1: Ball
1-1: Swinging Strike
1-2: Strikes out swinging
Top of the 3rd over - 0 run(s), 1 hit(s), 0 error(s), 1 left on base; Topeka 1 - Birmingham 0
BOTTOM OF THE 3RD
Birmingham Barons batting - Pitching for Topeka Tornados : RHP Flint Gray
Batting: LHB John Haney 0-0: Swinging Strike
0-1: Ball
1-1: Swinging Strike
1-2: Strikes out swinging
Batting: RHB Ingo Backx 0-0: Foul Ball, location: 2F
0-1: Fly out, F9 (Flyball, 89M)
Batting: RHB David Raymos 0-0: Ground out 5-3 (Groundball, 56)
Bottom of the 3rd over - 0 run(s), 0 hit(s), 0 error(s), 0 left on base; Topeka 1 - Birmingham 0
TOP OF THE 4TH
Topeka Tornados batting - Pitching for Birmingham Barons : RHP Stanley Briggs
Batting: LHB Yasuhiko Onodera 0-0: Swinging Strike
0-1: Ground out 6-3 (Groundball, 6)
Batting: LHB Robbie Burns 0-0: Swinging Strike
0-1: Swinging Strike
0-2: Ball
1-2: Ball
2-2: Strikes out swinging
Batting: LHB Eric Peterson 0-0: Called Strike
0-1: Foul Ball, location: 2F
0-2: SOLO HOME RUN (Flyball, 7LD), Distance : 359 ft
Batting: RHB Norberto Taváres 0-0: Reached on error, E6 (Groundball, 6)
Batting: LHB Ryan Drake 0-0: Swinging Strike
0-1: SINGLE (Groundball, 34S)
Norberto Taváres to third
Runner from 3rd tries for Home, SAFE, no throw or cutoff
Batting: RHB Cho-yun Qiao 0-0: Ball
1-0: SINGLE (Groundball, 5D)
Ryan Drake to second
Batting: RHB Hamilton Holbrook 0-0: Called Strike
0-1: Ball
1-1: Ball
2-1: Swinging Strike
2-2: Ball
3-2: Strikes out swinging
Top of the 4th over - 2 run(s), 3 hit(s), 1 error(s), 2 left on base; Topeka 3 - Birmingham 0
BOTTOM OF THE 4TH
Birmingham Barons batting - Pitching for Topeka Tornados : RHP Flint Gray
Batting: SHB Anastasio Ortíz 0-0: Foul Ball, location: 2F
0-1: Foul Ball, location: 2F
0-2: Ball
1-2: Ball
2-2: Strikes out swinging
Batting: RHB Vicente Carona 0-0: Swinging Strike
0-1: Foul Ball, location: 2F
0-2: Ball
1-2: Strikes out looking
Batting: RHB Jean-Paul St-Pierre 0-0: Ball
1-0: SINGLE (Line Drive, 9S)
Batting: RHB Eric Johnson 0-0: Called Strike
0-1: Ball
1-1: Ball
2-1: Foul Ball, location: 2F
2-2: Ball
3-2: Strikes out swinging
Bottom of the 4th over - 0 run(s), 1 hit(s), 0 error(s), 1 left on base; Topeka 3 - Birmingham 0
TOP OF THE 5TH
Topeka Tornados batting - Pitching for Birmingham Barons : RHP Stanley Briggs
Pitching: LHP Manuel Soto
Batting: LHB Yoshiaki Ohayashi 0-0: Called Strike
0-1: Ball
1-1: Hit by Pitch
Batting: LHB Morgan Wright 0-0: Called Strike
0-1: Ground out 3-1 (Groundball, 34)
Yoshiaki Ohayashi to second
Batting: LHB Yasuhiko Onodera 0-0: SINGLE (Groundball, 3D)
Yoshiaki Ohayashi to third
Batting: LHB Robbie Burns 0-0: Ball
1-0: Called Strike
1-1: Called Strike
1-2: Ball
2-2: Strikes out swinging
Batting: LHB Eric Peterson 0-0: Ball
Passed Ball!
Yoshiaki Ohayashi scores
Yasuhiko Onodera to second
1-0: Ball
2-0: Called Strike
2-1: Ball
3-1: Base on Balls
Batting: RHB Norberto Taváres 0-0: Foul Ball, location: 2F
0-1: Foul Ball, location: 2F
0-2: Ball
1-2: Ball
2-2: Foul Ball, location: 2F
2-2: Ball
3-2: Base on Balls
Yasuhiko Onodera to third
Eric Peterson to second
Batting: LHB Ryan Drake 0-0: Ball
1-0: Called Strike
1-1: Foul Ball, location: 2F
1-2: Ball
2-2: SINGLE (Line Drive, 4M)
Yasuhiko Onodera scores
Eric Peterson to third
Norberto Taváres to second
Batting: RHB Cho-yun Qiao 0-0: Called Strike
0-1: Foul Ball, location: 2F
0-2: Strikes out swinging
Top of the 5th over - 2 run(s), 2 hit(s), 0 error(s), 3 left on base; Topeka 5 - Birmingham 0
BOTTOM OF THE 5TH
Birmingham Barons batting - Pitching for Topeka Tornados : RHP Flint Gray
Batting: RHB Manny Sánchez 0-0: Called Strike
0-1: Called Strike
0-2: Ball
1-2: Foul Ball, location: 2F
1-2: Ball
2-2: Ball
3-2: Ground out 6-3 (Groundball, 6)
Batting: RHB Júlio Pacheco 0-0: Ball
1-0: Called Strike
1-1: Ball
2-1: Ball
3-1: Foul Ball, location: 2F
3-2: Foul Ball, location: 2F
3-2: Foul Ball, location: 2F
3-2: Foul Ball, location: 2F
3-2: Base on Balls
Batting: LHB John Haney 0-0: Ball
1-0: Foul Ball, location: 2F
1-1: Ball
2-1: Foul Ball, location: 2F
2-2: Ball
3-2: Base on Balls
Júlio Pacheco to second
Batting: RHB Ingo Backx 0-0: Called Strike
0-1: Fielders Choice at 2nd, 6-4 (Groundball, 6M)
Júlio Pacheco to third
Batting: RHB David Raymos 0-0: Called Strike
0-1: Called Strike
0-2: Fly out, F4 (Line Drive, 4D)
Bottom of the 5th over - 0 run(s), 0 hit(s), 0 error(s), 2 left on base; Topeka 5 - Birmingham 0
TOP OF THE 6TH
Topeka Tornados batting - Pitching for Birmingham Barons : LHP Manuel Soto
Pitching: RHP Domingo Ortíz
Batting: RHB Hamilton Holbrook 0-0: Foul Ball, location: 2F
0-1: Called Strike
0-2: Foul Ball, location: 2F
0-2: DOUBLE (Flyball, 78XD)
Batting: LHB Yoshiaki Ohayashi 0-0: 2-RUN HOME RUN (Flyball, 9D), Distance : 362 ft
Batting: LHB Morgan Wright 0-0: Ball
1-0: Fly out, F8 (Flyball, 8RD)
Batting: LHB Yasuhiko Onodera 0-0: Fly out, F8 (Flyball, 8LD)
Batting: LHB Robbie Burns 0-0: Ball
1-0: Swinging Strike
1-1: Ball
2-1: SINGLE (Groundball, 5D)
Batting: LHB Eric Peterson 0-0: Called Strike
0-1: Ball
1-1: Foul Ball, location: 2F
1-2: Foul Ball, location: 2F
1-2: Ball
2-2: Ball
3-2: 2-RUN HOME RUN (Line Drive, 7LD), Distance : 338 ft
Batting: RHB Norberto Taváres 0-0: SINGLE (Groundball, 5D)
Pitching: LHP Paul Moore
Batting: LHB Ryan Drake 0-0: Called Strike
0-1: Foul Ball, location: 2F
0-2: Strikes out swinging
Top of the 6th over - 4 run(s), 5 hit(s), 0 error(s), 1 left on base; Topeka 9 - Birmingham 0
BOTTOM OF THE 6TH
Birmingham Barons batting - Pitching for Topeka Tornados : RHP Flint Gray
Batting: SHB Anastasio Ortíz 0-0: SINGLE (Line Drive, 8LS)
Batting: RHB Vicente Carona 0-0: SINGLE (Groundball, 56D)
Anastasio Ortíz to second
Batting: RHB Jean-Paul St-Pierre 0-0: Foul Ball, location: 2F
0-1: Swinging Strike
0-2: Foul Ball, location: 2F
0-2: Ball
1-2: Ball
2-2: Foul Ball, location: 2F
2-2: Foul Ball, location: 2F
2-2: Ball
3-2: Strikes out swinging
Batting: RHB Eric Johnson 0-0: Ball
1-0: Called Strike
1-1: Ball
2-1: Ball
3-1: Base on Balls
Anastasio Ortíz to third
Vicente Carona to second
Batting: RHB Manny Sánchez 0-0: Called Strike
0-1: Ball
1-1: Swinging Strike
1-2: Ball
Wild Pitch!
Anastasio Ortíz scores
Vicente Carona to third
Eric Johnson to second
2-2: Foul Ball, location: 2F
2-2: Strikes out looking
Batting: RHB Júlio Pacheco 0-0: Fly out, F9 (Flyball, 89XD)
Bottom of the 6th over - 1 run(s), 2 hit(s), 0 error(s), 2 left on base; Topeka 9 - Birmingham 1
TOP OF THE 7TH
Topeka Tornados batting - Pitching for Birmingham Barons : LHP Paul Moore
Batting: RHB Cho-yun Qiao 0-0: SINGLE (Groundball, 6) (infield hit)
Batting: RHB Hamilton Holbrook 0-0: Foul Ball, location: 2F
0-1: Fly out, F9 (Flyball, 9LMF)
Batting: LHB Yoshiaki Ohayashi 0-0: Called Strike
0-1: Ball
1-1: Ball
2-1: Ball
3-1: Base on Balls
Cho-yun Qiao to second
Batting: LHB Morgan Wright 0-0: Ball
1-0: Called Strike
1-1: Ball
2-1: Ball
3-1: Called Strike
3-2: Foul Ball, location: 2F
3-2: Base on Balls
Cho-yun Qiao to third
Yoshiaki Ohayashi to second
Batting: LHB Yasuhiko Onodera 0-0: Ball
1-0: Foul Ball, location: 2F
1-1: Ball
Wild Pitch!
Cho-yun Qiao scores
Yoshiaki Ohayashi to third
Morgan Wright to second
2-1: Swinging Strike
2-2: Ball
3-2: Base on Balls
Batting: LHB Robbie Burns 0-0: Swinging Strike
0-1: Foul Ball, location: 2F
0-2: Ball
1-2: Foul Ball, location: 2F
1-2: Foul Ball, location: 2F
1-2: Strikes out swinging
Batting: LHB Eric Peterson 0-0: Swinging Strike
0-1: Ball
1-1: Ball
2-1: Ball
3-1: Base on Balls
Yoshiaki Ohayashi scores
Morgan Wright to third
Yasuhiko Onodera to second
Batting: RHB Norberto Taváres 0-0: Ball
1-0: Ball
2-0: Called Strike
2-1: Ball
3-1: Base on Balls
Morgan Wright scores
Yasuhiko Onodera to third
Eric Peterson to second
Pitching: RHP Pei Que
Batting: LHB Ryan Drake 0-0: Swinging Strike
0-1: Ball
1-1: Swinging Strike
1-2: Ball
2-2: SINGLE (Line Drive, 34D)
Yasuhiko Onodera scores
Eric Peterson to third
Norberto Taváres to second
Runner from 3rd tries for Home, SAFE, no throw or cutoff
Batting: RHB Cho-yun Qiao 0-0: Ball
1-0: Ball
2-0: Called Strike
Reached via error on a dropped throw, E3
Norberto Taváres to third
Ryan Drake to second
Batting: RHB Hamilton Holbrook 0-0: Called Strike
0-1: Foul Ball, location: 2F
0-2: Strikes out swinging
Top of the 7th over - 5 run(s), 2 hit(s), 1 error(s), 3 left on base; Topeka 14 - Birmingham 1
BOTTOM OF THE 7TH
Birmingham Barons batting - Pitching for Topeka Tornados : RHP Flint Gray
Batting: LHB John Haney 0-0: Ball
1-0: Ground out 6-3 (Groundball, 6)
Batting: RHB Ingo Backx 0-0: Called Strike
0-1: SINGLE (Flyball, 8LM)
Batting: RHB David Raymos 0-0: Ball
Ingo Backx steals 2nd base
1-0: Called Strike
1-1: Ball
2-1: Foul Ball, location: 2F
2-2: Ball
3-2: Foul Ball, location: 2F
3-2: Strikes out looking
Pitching: RHP Pedro Martínez
Batting: SHB Anastasio Ortíz 0-0: Ball
1-0: Swinging Strike
1-1: Foul Ball, location: 2F
1-2: Ball
2-2: Foul Ball, location: 2F
2-2: Foul Ball, location: 2F
2-2: Ball
3-2: Base on Balls
Batting: RHB Vicente Carona 0-0: Called Strike
0-1: Ball
1-1: Swinging Strike
1-2: Foul Ball, location: 2F
1-2: Ball
2-2: Strikes out swinging
Bottom of the 7th over - 0 run(s), 1 hit(s), 0 error(s), 2 left on base; Topeka 14 - Birmingham 1
TOP OF THE 8TH
Topeka Tornados batting - Pitching for Birmingham Barons : RHP Pei Que
Batting: LHB Yoshiaki Ohayashi 0-0: Ball
1-0: Called Strike
1-1: Ball
2-1: Called Strike
2-2: Fly out, F7 (Flyball, 7M)
Batting: LHB Morgan Wright 0-0: Called Strike
0-1: Ball
1-1: Foul Ball, location: 2F
1-2: Ball
2-2: Ball
3-2: Base on Balls
Batting: LHB Yasuhiko Onodera 0-0: Foul Ball, location: 2F
0-1: Ball
1-1: Foul Ball, location: 2F
1-2: Ball
2-2: Strikes out swinging
Batting: LHB Robbie Burns 0-0: SINGLE (Groundball, 3D)
Morgan Wright to second
Runner from 2nd tries for 3rd, SAFE, throw made to third
Batting: LHB Eric Peterson 0-0: Foul Ball, location: 2F
0-1: Ball
1-1: Ball
2-1: Swinging Strike
2-2: Foul Ball, location: 2F
2-2: Foul Ball, location: 2F
2-2: 3-RUN HOME RUN (Line Drive, 89XD), Distance : 404 ft
Batting: RHB Norberto Taváres 0-0: Foul Ball, location: 2F
0-1: Ball
1-1: Ball
2-1: Foul Ball, location: 2F
2-2: Fly out, F8 (Line Drive, 8LM)
Top of the 8th over - 3 run(s), 2 hit(s), 0 error(s), 0 left on base; Topeka 17 - Birmingham 1
BOTTOM OF THE 8TH
Birmingham Barons batting - Pitching for Topeka Tornados : RHP Pedro Martínez
Now in RF: Cullen Cox
Pinch Hitting: RHB Juan Jiménez 0-0: Foul Ball, location: 2F
0-1: Ball
1-1: Ball
2-1: Ball
3-1: Ground out 5-3 (Groundball, 56)
Pinch Hitting: LHB Marc May 0-0: Ground out U3 (Groundball, 3S)
Batting: RHB Manny Sánchez 0-0: Swinging Strike
0-1: Ball
1-1: Foul Ball, location: 2F
1-2: Strikes out swinging
Bottom of the 8th over - 0 run(s), 0 hit(s), 0 error(s), 0 left on base; Topeka 17 - Birmingham 1
TOP OF THE 9TH
Topeka Tornados batting - Pitching for Birmingham Barons : RHP Pei Que
Pitching: RHP Pedro Valdés
Now at 3B: Juan Jiménez
Now at SS: Vicente Elías
Batting: LHB Ryan Drake 0-0: Called Strike
0-1: Ground out 1-3 (Groundball, 13)
Batting: RHB Cho-yun Qiao 0-0: Foul Ball, location: 2F
0-1: Swinging Strike
0-2: Ball
1-2: Ball
2-2: Ground out 1-3 (Groundball, 15S)
Batting: RHB Hamilton Holbrook 0-0: Swinging Strike
0-1: Foul Ball, location: 2F
0-2: Strikes out swinging
Top of the 9th over - 0 run(s), 0 hit(s), 0 error(s), 0 left on base; Topeka 17 - Birmingham 1
BOTTOM OF THE 9TH
Birmingham Barons batting - Pitching for Topeka Tornados : RHP Pedro Martínez
Now at 1B: Ramón Pérez
Batting: RHB Júlio Pacheco 0-0: SINGLE (Line Drive, 6MD)
Pinch Hitting: RHB Raúl Soto 0-0: SINGLE (Groundball, 6MD)
Júlio Pacheco to second
Batting: RHB Ingo Backx 0-0: Ball
1-0: Ball
2-0: Foul Ball, location: 2F
2-1: Grounds into double play, 4-6-3 (Groundball, 4)
Júlio Pacheco to third
Batting: RHB David Raymos 0-0: Ball
1-0: Called Strike
1-1: Called Strike
1-2: Strikes out swinging
Bottom of the 9th over - 0 run(s), 2 hit(s), 0 error(s), 1 left on base; Topeka 17 - Birmingham 1
This league is powered by Out of the Park Baseball, the baseball management simulation game for PC, Mac and Linux
Tuesday, August 2nd, 2016 - OOTP Baseball 16.8 Build 38